 Dungeon Crawl Stone Soup version 0.19.5 (webtiles) character file.

248 vatarom the Gusty (level 6, -1/32 HPs)
             Began as a Tengu Air Elementalist on Mar 12, 2017.
             Killed themself with a bounced zap (7 damage)
             ... on level 3 of the Dungeon.
             The game lasted 00:09:45 (2760 turns).

vatarom the Gusty (Tengu Air Elementalist)          Turns: 2760, Time: 00:09:45

Health: -1/32      AC:  3    Str:  8    XL:     6   Next: 12%
Magic:  4/11       EV: 12    Int: 21    God:
Gold:   177        SH:  0    Dex: 14    Spells: 4 memorised, 5 levels left

rFire  + . .     SeeInvis .     h - +1 short sword
rCold  . . .     Gourm    .     a - +1 robe
rNeg   . . .     Faith    .     (no shield)
rPois  .         Spirit   .     (helmet restricted)
rElec  .         Reflect  .     (no cloak)
rCorr  .         Harm     .     (no gloves)
MR     .....                    (boots unavailable)
Stlth  ++........               (no amulet)
                                (no ring)
                                e - +3 ring of intelligence

@: no status effects
A: beak, talons 3, fire resistance 1, low mp 1, screaming 1, able to fly 1,
sturdy frame 1
a: Fly


You were on level 3 of the Dungeon.
You were not hungry.

You visited 1 branch of the dungeon, and saw 3 of its levels.

You collected 177 gold pieces.

Inventory:

Hand Weapons
 h - a +1 short sword (weapon)
Armour
 a - a +1 robe (worn)
Jewellery
 e - a +3 ring of intelligence (left hand)
Scrolls
 d - 5 scrolls of identify
Potions
 g - 4 potions of curing
Books
 b - a book of Air

   Spells                             Type                      Level
   a - Shock                          Conjuration/Air              1
   b - Swiftness                      Charms/Air                   2
   c - Repel Missiles                 Charms/Air                   2
   d - Static Discharge               Conjuration/Air              3
   e - Lightning Bolt                 Conjuration/Air              5
Comestibles
 f - a slice of pizza
 i - a bread ration
 l - a meat ration


   Skills:
 - Level 2.1 Dodging
 - Level 2.0 Stealth
 + Level 4.1 Spellcasting
 - Level 1.3 Conjurations
 - Level 7.0 Air Magic


You had 5 spell levels left.
You knew the following spells:

 Your Spells              Type           Power        Failure   Level  Hunger
a - Shock                 Conj/Air       ###.         1%          1    None
b - Repel Missiles        Chrm/Air       ###...       4%          2    #......
c - Swiftness             Chrm/Air       ###.....     4%          2    #......
d - Static Discharge      Conj/Air       ###.....     10%         3    ###....


Dungeon Overview and Level Annotations

Branches:
Dungeon (3/15)

Altars:
Gozag
Hepliaklqana
Makhleb
Ru
Xom
Zin


Innate Abilities, Weirdness & Mutations

You have a beak for a mouth.
You have claws for feet.
You can fly.
Your flesh is heat resistant. (rF+)
Your magical capacity is low. (-10% MP)
You occasionally shout uncontrollably at your foes.
Your movements are slightly less encumbered by armour. (ER -2)


Message History

The orc priest is severely wounded.
The zap hits you!
The orc priest invokes the aid of Beogh against you.
Pain shoots through your body!
* * * LOW HITPOINT WARNING * * *
Casting: Shock
Confirm with . or Enter, or press ? or * to list all spells.
Aiming: Shock
Press: ? - help, Shift-Dir - straight line That beam is likely to hit you.
Continue anyway?
The zap hits the orc priest.
You kill the orc priest!
Your Spellcasting skill increases to level 4!
You have reached level 6!
Your experience leads to an increase in your attributes!
Your base attributes are Str 8, Int 17, Dex 14.
Increase (S)trength, (I)ntelligence, or (D)exterity?
You feel clever. The zap hits you!
You die...

... ..# ..# #.#
# ... ... .#
#.# #.# #.# #
#.##.#...
.####.
#.#.#.#.###
.......#
##.>.......
.......#
##.#.###.##
.....#.###.##@#
...#.#.#.###)#
#......##.#.##
#).
#.#.##.##.###
###.
#.#.##.##.# ..
..........# ..
##..##.#### ..#
....##.# .#
#...##.#


There were no monsters in sight!

Vanquished Creatures
  3 crimson imps (D:3)
  An orc priest (D:3)
  3 adders (D:2)
  A worm (D:2)
  6 dart slugs
  2 leopard geckos
  2 orcs (D:3)
  6 bats
  2 giant cockroaches (D:1)
  9 hobgoblins
  2 quokkas (D:2)
  2 frilled lizards (D:2)
  11 goblins
  15 kobolds
  7 rats
72 creatures vanquished.

Notes
Turn   | Place    | Note
-------+----------+-------------------------------------------
     0 | D:1      | vatarom the Tengu Air Elementalist began the quest for the Orb.
     0 | D:1      | Reached XP level 1. HP: 10/10 MP: 4/4
   245 | D:1      | Gained mutation: You occasionally shout uncontrollably at your foes. [potion of mutation]
   245 | D:1      | Gained mutation: You are robust. (+10% HP) [potion of mutation]
   245 | D:1      | Gained mutation: Your flesh is heat resistant. (rF+) [potion of mutation]
   279 | D:1      | Reached XP level 2. HP: 16/16 MP: 3/6
   284 | D:1      | Learned a level 2 spell: Repel Missiles
   287 | D:1      | Learned a level 2 spell: Swiftness
   351 | D:1      | Reached skill level 5 in Air Magic
   802 | D:1      | Reached XP level 3. HP: 20/20 MP: 2/7
   919 | D:1      | Lost mutation: You are robust. (+10% HP) [potion of mutation]
   919 | D:1      | Gained mutation: Your movements are slightly less encumbered by armour. (ER -2) [potion of mutation]
   919 | D:1      | Gained mutation: Your magical capacity is low. (-10% MP) [potion of mutation]
  1219 | D:2      | Reached skill level 6 in Air Magic
  1261 | D:2      | Found a burning altar of Makhleb.
  1324 | D:2      | Found a faded altar of an unknown god.
  1470 | D:2      | Reached XP level 4. HP: 20/24 MP: 3/7
  1876 | D:2      | Reached skill level 7 in Air Magic
  2174 | D:2      | Found an opulent altar of Gozag.
  2175 | D:2      | Found a sacrificial altar of Ru.
  2386 | D:3      | Found a hazy altar of Hepliaklqana.
  2391 | D:3      | Found a glowing silver altar of Zin.
  2414 | D:3      | Found a shimmering altar of Xom.
  2516 | D:3      | Gained mutation: You can fly. [Tengu growth]
  2516 | D:3      | Reached XP level 5. HP: 28/28 MP: 3/9
  2568 | D:3      | Learned a level 3 spell: Static Discharge
  2760 | D:3      | Reached XP level 6. HP: 6/32 MP: 4/11
  2760 | D:3      | Killed themself with a bounced zap

Skill      XL: |  1  2  3  4  5 |
---------------+----------------+-----
Air Magic      | 5 6 7 |  7.0
Spellcasting   | 4 |  4.1
Dodging        | |  2.1
Stealth        | |  2.0
Conjurations   | |  1.3

Action                   |  1- 3 |  4- 6 || total
-------------------------+-------+-------++-------
Melee: Unarmed           |     4 |       ||     4
       Dagger            |     8 |       ||     8
       Peck              |     2 |    15 ||    17
       Kick              |     4 |    11 ||    15
       Short sword       |     6 |    59 ||    65
 Cast: Shock             |    58 |    64 ||   122
  Use: Scroll            |     7 |     2 ||     9
       Potion            |     3 |     4 ||     7
 Stab: Sleeping          |     1 |       ||     1
  Eat: Chunk             |     2 |       ||     2
       Bread ration      |       |     2 ||     2
Armor: Robe              |     5 |    19 ||    24
Dodge: Dodged            |    16 |    51 ||    67
